AoeStats
← BottleDry

Arena

509442983Analyzed
4v4 RM · 6d ago on Sep 26, 2026· 49m 13s· 8 players
Game mode
Random Map
Map size
Large (8 player)
Population
200
Speed
Normal
Resources
Standard
Victory
Conquest
Starting age
Dark Age
Ending age
Imperial Age
RankedLock teamsTeams togetherTeam positionsShared explorationLock speedFull tech treeHidden civsTurbo modeCheats
Victory
Defeat
🇫🇷 Bohemians · France
1032
+11
🇫🇷 Danes · France
1011
+12
🇧🇷 Bulgarians · Brazil
1010
+12
🇧🇷 Turks · Brazil
931
+15
🇺🇸 Britons · United States
950
-14
🇺🇸 Danes · United States
940
-13
🇮🇳 Italians · India
915
-12
🇹🇷 Khmer · Türkiye
892
-11
shabolobodingdong
10:12 Feudal Age
15:44 Castle Age
14:37 Double-Bit Axe
14:45 Horse Collar
16:03 Stone Mining
20:32 Bow Saw
20:18 Gold Mining
22:23 Ballistics
23:46 Fletching
24:36 Bodkin Arrow
32:43 Yeomen
33:20 Padded Archer Armor
34:01 Heavy Plow
34:48 Leather Archer Armor
34:36 Elite Skirmisher
41:54 Imperial Age
43:24 Conscription
[ATA]Woosa
11:08 Feudal Age
11:32 Loom
13:01 Horse Collar
16:01 Castle Age
14:05 Horse Collar
14:38 Double-Bit Axe
15:03 Horse Collar
18:09 Bow Saw
19:42 Fervor
23:06 Wheelbarrow
23:52 Stone Mining
25:45 Hand Cart
26:07 Stone Shaft Mining
26:29 Heavy Plow
27:10 Scale Barding Armor
27:16 Forging
28:09 Husbandry
29:44 Bloodlines
31:49 Gold Mining
34:44 Imperial Age
33:20 Chain Barding Armor
35:17 Elite Ballista Elephant
36:06 Double Crossbow
36:36 Conscription
37:08 Plate Barding Armor
37:19 Gold Shaft Mining
38:06 Crop Rotation
43:14 Iron Casting
45:25 Blast Furnace
BottleDry
5:19 Loom
11:37 Feudal Age
16:01 Castle Age
14:10 Double-Bit Axe
14:07 Horse Collar
15:58 Gold Mining
17:40 Bow Saw
21:28 Wheelbarrow
29:30 Imperial Age
27:19 Hand Cart
26:52 Town Watch
27:32 Forging
27:24 Scale Mail Armor
27:58 Gambesons
28:13 Squires
27:58 Arson
28:27 Arson
28:04 Man-at-Arms
29:17 Chain Mail Armor
29:39 Iron Casting
29:59 Ballistics
29:54 Town Patrol
30:13 Heavy Plow
29:39 Long Swordsman
31:20 Onager
32:33 Capped Ram
33:06 Pikeman
35:06 Plate Mail Armor
35:47 Blast Furnace
36:07 Scale Barding Armor
35:52 Fletching
36:07 Light Cavalry
36:33 Elite Skirmisher
38:37 Caravan
38:42 Padded Archer Armor
38:37 Bodkin Arrow
38:42 Padded Archer Armor
40:20 Chemistry
39:38 Bodkin Arrow
39:58 Leather Archer Armor
SYNC
0:37 Loom
1:16 Loom
14:03 Feudal Age
16:29 Double-Bit Axe
16:52 Horse Collar
21:30 Castle Age
19:32 Stone Mining
22:25 Wheelbarrow
21:46 Gold Mining
23:12 Stone Shaft Mining
23:01 Bow Saw
22:57 Heavy Plow
25:02 Hand Cart
31:36 Imperial Age
31:13 Padded Archer Armor
31:03 Fletching
31:25 Thumb Ring
31:40 Elite Genoese Crossbowman
32:41 Conscription
32:48 Leather Archer Armor
33:43 Ballistics
33:36 Fortified Wall
34:32 Chemistry
33:35 Bodkin Arrow
36:28 Ring Archer Armor
35:58 Bracer
39:00 Chemistry
37:56 Murder Holes
38:11 Masonry
39:10 Silk Road
39:55 Hoardings
39:30 Pirotechnia
Kazunoa
12:11 Feudal Age
15:44 Castle Age
14:00 Loom
15:42 Double-Bit Axe
18:26 Chemistry
17:57 Horse Collar
18:27 Padded Archer Armor
26:43 Wheelbarrow
26:29 Town Watch
30:18 Town Patrol
31:48 Leather Archer Armor
31:57 Hand Cart
34:09 Fortified Wall
36:43 Imperial Age
34:41 Wagenburg Tactics
36:43 Elite Skirmisher
39:09 Fletching
40:18 Ring Archer Armor
39:43 Bodkin Arrow
40:27 Ballistics
42:09 Bracer
42:52 Houfnice
BELNA
10:29 Feudal Age
14:29 Castle Age
12:46 Double-Bit Axe
13:57 Gold Mining
18:09 Loom
22:53 Wheelbarrow
23:27 Gambesons
23:42 Squires
25:45 Gold Shaft Mining
25:32 Hand Cart
27:51 Forging
27:41 Scale Mail Armor
28:57 Stone Mining
29:01 Horse Collar
31:59 Imperial Age
29:42 Bow Saw
30:19 Chain Mail Armor
30:39 Iron Casting
32:03 Onager
33:04 Fletching
33:15 Padded Archer Armor
33:49 Siege Engineers
33:49 Elite Skirmisher
34:35 Thumb Ring
35:14 Bodkin Arrow
35:35 Leather Archer Armor
35:19 Siege Onager
36:23 Bracer
37:06 Elite Varangian Guard
38:05 Northmen's Fury
41:13 Ring Archer Armor
41:43 Blast Furnace
Galluzzi
0:29 Loom
11:28 Feudal Age
12:14 Town Watch
12:11 Horse Collar
12:18 Double-Bit Axe
16:06 Wheelbarrow
21:04 Castle Age
19:07 Gold Mining
19:51 Stone Mining
22:27 Hand Cart
23:55 Bow Saw
25:34 Forging
26:06 Gold Shaft Mining
26:07 Stone Shaft Mining
27:39 Heavy Plow
28:05 Forging
29:26 Caravan
30:16 Iron Casting
29:46 Scale Barding Armor
34:08 Imperial Age
32:08 Chain Barding Armor
34:23 Elite Konnik
35:41 Plate Barding Armor
35:44 Murder Holes
36:50 Chemistry
37:07 Conscription
36:44 Stirrups
36:39 Pikeman
37:22 Squires
37:31 Scale Mail Armor
38:31 Blast Furnace
39:34 Chain Mail Armor
40:04 Halberdier
42:05 Onager
44:05 Siege Onager
47:14 Gambesons
Six
11:59 Feudal Age
12:26 Double-Bit Axe
16:21 Castle Age
22:00 Bow Saw
21:33 Horse Collar
22:39 Heavy Plow
26:42 Gold Mining
30:31 Gold Shaft Mining
33:14 Imperial Age
32:05 Fletching
33:30 Bodkin Arrow
33:55 Artillery
34:48 Conscription
Connection lost

Rejoining the realm…

Still unreachable

The connection could not be restored.

Session expired

The server has moved on; the page needs a fresh start.